 Dungeon Crawl Stone Soup version 0.30-a0-852-g08b95dd62f (webtiles) character file.

Game seed: 7579166357024572115

903 oldriver the Chopper (level 8, -6/50 HPs)
             Began as a Gargoyle Reaver on Mar 4, 2023.
             Was an Initiate of the Shining One.
             Mangled by an iguana (10 damage)
             ... on level 5 of the Dungeon.
             The game lasted 00:05:31 (4181 turns).

oldriver the Chopper (Gargoyle Reaver)              Turns: 4181, Time: 00:05:32

Health: -6/50      AC: 11    Str: 18    XL:     8   Next: 7%
Magic:  11/11      EV: 11    Int: 14    God:    the Shining One [......]
Gold:   198        SH:  0    Dex:  8    Spells: 8/11 levels left

rFire   . . .      SeeInvis .    a - +0 hand axe
rCold   + . .      Faith    .    (no shield)
rNeg    + + .      Spirit   .    j - +1 leather armour of the Rose {rElec Regen+}
rPois   ∞          Reflect  .    (no helmet)
rElec   +          Rampage  .    m - +0 cloak
rCorr   .                        (no gloves)
Will    .....                    (no boots)
Stlth   +                        (no amulet)
HPRegen 1.08/turn                g - ring of protection from cold
MPRegen 0.12/turn                n - ring of positive energy

@: glowing
A: sickness immunity, AC +5, negative energy resistance 1, electricity
resistance, torment resistance 1, petrification resistance
a: Renounce Religion


You were on level 5 of the Dungeon.
You worshipped the Shining One.
The Shining One was noncommittal.
You visited 1 branch of the dungeon, and saw 5 of its levels.

You collected 198 gold pieces.

Inventory:

Hand Weapons
 a - a +0 hand axe (weapon)
 o - a +0 trident of flaming
 t - a +2 mace of holy wrath
Missiles
 f - 2 curare-tipped darts
Armour
 j - the +1 leather armour of the Rose (worn) {rElec Regen+}
   (You found it on level 2 of the Dungeon)

   rElec:     It insulates you from electricity.
   Regen:     It increases your rate of health regeneration.
 m - a +0 cloak (worn)
Jewellery
 g - a ring of protection from cold (left hand)
 n - a ring of positive energy (right hand)
Wands
 A - a wand of paralysis (11)
Scrolls
 b - a scroll of acquirement {unknown}
 c - a scroll of teleportation
 e - a scroll of identify {unknown}
 l - a scroll of enchant armour {unknown}
 v - a scroll of blinking {unknown}
 w - a scroll of enchant weapon {unknown}
 x - a scroll of torment {unknown}
 y - a scroll of vulnerability {unknown}
 z - a scroll of amnesia
 B - a scroll of fog
 C - a scroll of immolation {unknown}
Potions
 h - a potion of mutation {unknown}
 i - a potion of attraction {unknown}
 k - a potion of flight {unknown}
 p - a potion of berserk rage {unknown}
 q - a potion of cancellation {unknown}
 s - a potion of lignification {unknown}
 u - a potion of heal wounds {unknown}


   Skills:
 + Level 5.6 Fighting
 * Level 6.7 Axes
 - Level 3.0 Armour
 - Level 2.0 Dodging
 - Level 2.0 Spellcasting
 - Level 3.2 Conjurations


You had 8 spell levels left.
You knew the following spells:

 Your Spells              Type           Power      Damage    Failure   Level
a - Kiss of Death         Conj/Necr      24%        2d7       14%         1
b - Momentum Strike       Conj/Tloc      12%        3d8       22%         2

Your spell library contained the following spells:

 Spells                   Type           Power      Damage    Failure   Level
 Hailstorm                Conj/Ice       6%         3d4       41%         3


Dungeon Overview and Level Annotations

Branches:
Dungeon (5/15)             Temple (0/1) D:5

Altars:
Ashenzari
Hepliaklqana
Kikubaaqudgha
Wu Jian
The Shining One

Annotations:
D:3 1 runed translucent door, Crazy Yiuf
D:4 2 transporters, oldplebian's ghost, amateur GnCA


Innate Abilities, Weirdness & Mutations

You are immune to sickness and miasma.
Your stone body is resilient. (AC +5)
You are immune to poison.
You resist negative energy. (rN+)
You are resistant to electric shocks. (rElec)
You are resistant to unholy torment.
You are immune to petrification.


Message History

The centaur closely misses you.
The centaur kicks you but does no damage.
You barely miss the iguana.
The iguana is moderately wounded.
You barely miss the centaur. The centaur barely misses you. x2
The iguana bites you!
* * * LOW HITPOINT WARNING * * *
The centaur hits you.
* * * LOW HITPOINT WARNING * * *
The centaur misses you.
You feel better. The iguana bites you.
* * * LOW HITPOINT WARNING * * *
The centaur closely misses you. The centaur barely misses you.
Okay, then.
You barely miss the centaur.
The centaur is almost dead.
You completely miss the iguana. The centaur misses you.
The centaur barely misses you.
An iguana comes into view.
The iguana bites you but does no damage.
You completely miss the centaur.
The centaur is almost dead.
You hit the iguana. The centaur misses you. The centaur completely misses you.
The iguana bites you.
* * * LOW HITPOINT WARNING * * *
The centaur hits you.
* * * LOW HITPOINT WARNING * * *
The centaur closely misses you.
As you read the scroll labelled OFUSAV HUCVU, it crumbles to dust.
You feel aware of your surroundings.
You sensed 1 shop/portal.
It was a scroll of magic mapping.
The centaur hits you but does no damage.
The centaur barely misses you. The iguana bites you.
The Shining One protects you from harm!
You hit the centaur but do no damage.
The centaur is almost dead.
You hit the iguana.
The centaur hits you but does no damage.
The centaur barely misses you. The iguana bites you!
You die...

,*,,,,,,**,* ####...#*,,,*#...
,*********,**** #....###,,,,,#...
,* *,,,,* #.#### *,,>,,+.<. ,*
****,* #.# *,,,,,#### ,* #.* #.#
**,,,** # ,** #.**#.# ###** # ,,*
*..*#.# #.# # *,* *#.##.# #.# #
*,* #.#@.# #.# # **** #lcl## #.#
# ,,~** #####..W########.#######
***~*****#.......................
~~**~~,,,##....#.########.######.
,~~******,######...,* ##...)).).
~,,**~~~**~* ####.** #..#######
~~,*~~,~~*~* **###..###.## ###
,,,*,,,,~*~* **,.........# #..


You could see a phantom, a centaur and 2 iguanas.

Vanquished Creatures
  Eustachio (D:5)
  A black bear (D:4)
  An ogre (D:5)
  A centaur (D:5)
  Blork the orc (D:4)
  A bullfrog (D:5)
  A jelly (D:4)
  2 hounds (D:4)
  2 iguanas
  Natasha (thrice) (D:4)
  3 gnolls (D:2)
  4 adders
  A shadow imp (D:5)
  3 worms
  A dart slug (D:2)
  3 orcs
  9 endoplasms
  7 giant cockroaches
  7 goblins
  4 hobgoblins
  6 jackals
  5 quokkas
  5 ball pythons
  5 bats (D:1)
  2 frilled lizards (D:1)
  5 kobolds
  6 rats
90 creatures vanquished.

Notes
Turn   | Place    | Note
-------+----------+-------------------------------------------
     0 | D:1      | oldriver the Gargoyle Reaver began the quest for the Orb.
     0 | D:1      | Reached XP level 1. HP: 12/12 MP: 3/3
   162 | D:1      | Reached skill level 3 in Axes
   163 | D:1      | Reached XP level 2. HP: 17/18 MP: 5/5
   686 | D:1      | Reached XP level 3. HP: 22/22 MP: 6/6
   892 | D:2      | Identified the +1 leather armour of the Rose {rElec Regen+}
  1184 | D:2      | Reached XP level 4. HP: 19/28 MP: 7/7
  1193 | D:2      | Reached skill level 1 in Armour
  1569 | D:2      | Reached skill level 4 in Axes
  1661 | D:2      | You fall into a shaft and drop 1 floor!
  1774 | D:3      | Reached XP level 5. HP: 17/29 MP: 6/8
  1991 | D:3      | Learned a level 2 spell: Momentum Strike
  2098 | D:3      | Found a runed translucent door.
  2099 | D:3      | Noticed Crazy Yiuf
  2879 | D:4      | Noticed a black bear
  2883 | D:4      | Found an ornate altar of the Wu Jian Council.
  2892 | D:4      | Killed a black bear
  2893 | D:4      | Reached XP level 6. HP: 20/38 MP: 9/9
  2968 | D:4      | Found a glowing golden altar of the Shining One.
  2970 | D:4      | Found an ancient bone altar of Kikubaaqudgha.
  3120 | D:4      | Found a broken altar of Ashenzari.
  3141 | D:4      | Noticed Natasha
  3153 | D:4      | Reached skill level 5 in Axes
  3169 | D:4      | Killed Natasha
  3256 | D:4      | Noticed Natasha
  3266 | D:4      | Killed Natasha
  3378 | D:4      | Noticed Natasha
  3388 | D:4      | Killed Natasha
  3404 | D:4      | Found a transporter.
  3419 | D:4      | Noticed Blork the orc
  3431 | D:4      | Killed Blork the orc
  3432 | D:4      | Reached XP level 7. HP: 4/37 MP: 7/10
  3487 | D:4      | Found a transporter.
  3489 | D:4      | Noticed oldplebian's ghost (amateur GnCA)
  3694 | D:4      | Found a hazy altar of Hepliaklqana.
  3813 | D:4      | Became a worshipper of the Shining One
  3888 | D:5      | Entered Level 5 of the Dungeon
  3904 | D:5      | Noticed Eustachio
  3963 | D:5      | Reached skill level 5 in Fighting
  3963 | D:5      | Reached skill level 6 in Axes
  3991 | D:5      | Killed Eustachio
  4051 | D:5      | Reached XP level 8. HP: 20/50 MP: 11/11
  4176 | D:5      | HP: 2/50 [centaur (4)]
  4180 | D:5      | The Shining One protects you from harm!
  4181 | D:5      | Mangled by an iguana

Illustrated notes

Levels and vault maps discovered:
D:1:      lightli_arrival_quake, layout_loops_ring, dreamdust_princess_bridge
D:2:      layout_loops_corners
D:3:      layout_basic, hangedman_abyss_or_decor_stabs, st_stairs_8,
          chequers_serial_rivers_small_3, minmay_misc_feat_encased,
          hangedman_abyss_or_decor_lesser_grid, kennysheep_small_spiral,
          kennysheep_donut, uniq_crazy_yiuf_cottage
D:4:      layout_layer_cave, jmf_multi_god_temple, ashenzari_altar_1,
          mainiacjoe_overflow_alcove_4, lemuel_crystal_altar,
          gammafunk_ghost_mausoleum, uniq_blork_the_orc, uniq_natasha
D:5:      cheibrodos_two_vegetables, layout_rooms,
          minmay_temple_entry_enclosed_plants, serial_shops,
          nicolae_shop_statue_plus, minivault_24, st_stairs_5, uniq_eustachio

Skill      XL: |  1  2  3  4  5  6  7 |
---------------+----------------------+-----
Axes           | 3 4 5 6 |  6.7
Fighting       | 3 4 5 |  5.6
Armour         | 1 2 3 |  3.0
Dodging        | 2 |  2.0
Spellcasting   | |  2.0
Conjurations   | |  3.2

Action                     |  1- 3 |  4- 6 |  7- 9 || total
---------------------------+-------+-------+-------++-------
  Melee: Hand axe          |   145 |   195 |   119 ||   459
         Punch             |     1 |     4 |     1 ||     6
   Cast: Kiss of Death     |       |     5 |       ||     5
    Use: Potion            |     1 |       |     1 ||     2
         Scroll            |       |     6 |     1 ||     7
 Armour: Leather armour    |    53 |    94 |    87 ||   234
  Dodge: Dodged            |    88 |   127 |   112 ||   327

Table legend: (Time is in decaauts)
 A = Elapsed time spent in this place.
 B = Non-inter-level travel time spent in this place.
 C = Inter-level travel time spent in this place.
 D = Time resting spent in this place.
 E = Time spent auto-exploring this place.
 F = Levels seen in this place.
 G = Mean time per level.
                   A        B        C        D        E       F      G
               +--------+--------+--------+--------+--------+-----+--------+
         Total |   4227 |   3835 |    392 |      0 |   2944 |   5 |  845.4 |
       Dungeon |   4227 |   3835 |    392 |      0 |   2944 |   5 |  845.4 |
               +--------+--------+--------+--------+--------+-----+--------+

Top non-repeatable levels by time:
     D:4: 1094 daAuts
     D:3: 1031 daAuts
     D:2: 978 daAuts
     D:1: 829 daAuts
     D:5: 292 daAuts
